[Event "SELL Games"]
[Site "Tartu, Estonia"]
[Date "2023.05.20"]
[Round "9.5"]
[White "Tvarijonas, Tomas"]
[Black "Simkunaite, Gabija"]
[Result "1/2-1/2"]
[TimeControl "15min + 10sec per move each"]
[WhiteTitle "FM"]
[BlackTitle "WFM"]
[WhiteFideId "12805432"]
[BlackFideId "12808253"]
[WhiteElo "2181"]
[BlackElo "1964"]

1. e4 c5 2. Nf3 Nc6 3. d4 cxd4 4.
Nxd4 e5 5. Nb5 a6 6. Nd6+ Bxd6 7.
Qxd6 Qf6 8. Qxf6 Nxf6 9. Bd3 d5 10. exd5 Nxd5 11. Be4 Nde7 12. O-O f5 13. Bxc6+ Nxc6 14. Be3 Kf7 15. Na3 Be6 16.
Bb6 Rhc8 17. Rfe1 Kf6 18. Rad1 Nb4 19. c3 Nd5 20. Be3 Nxe3 21. Rxe3 Rd8 22. Red3 Rxd3 23. Rxd3 Bxa2 24. c4 Rc8 25.
Rc3 b5 26. cxb5 Rxc3 27. bxc3 axb5 28. Nxb5 Ke6 29. Na3 Kd5 30. f3 e4 31. Kf2 g5 32. Nc2 Ke5 33. Nd4 Bd5 34. fxe4 Bxe4 35.
g3 h6 36. Ke3 Kd5 37. Nb3 Ke5 38. Nd2 Bc6 39. Nb3 Be4 40. Nc5 Ba8 41. Nd7+ Ke6 42. Nb6 Bb7 43. c4 h5 44. Kd4 f4 45.
gxf4 gxf4 46. Na4 Bc6 47. Nb2 Kf5 48. Nd3 h4 49. Nf2 Ba8 50. Kd3 Bb7 51. Kd4 Ba8 52. c5 Bc6 53. Nd3 h3 54. Nf2 Bg2 55. Nd3 Bc6 56.
Ne5 Bb7 57. c6 Bc8 58. Kd5 Ba6 59. c7 Bb7+ 60.
Kd4 Ke6 61. Ng6 Kd6 62. Nxf4 Kxc7 63. Nxh3 Kd7 64. Ke5 Ke7 65.
Ng5 Ba6 66. Kf5 Be2 67. Kg6 Kf8 68. h4 Kg8 69. Ne6 Kh8 70. Nf4 Bd1 71. Ng2 Kg8 72. Ne3 Be2 73. Nd5 Kh8 74. Kf5 Kg7 75.
Nc3 Bf3 76. Kf4 Bh5 77. Ne4 Kh6 78. Ng3 Bg6 79. Ke5 Bh5 80. Kf6 Bg4 81. Ke5 Bd1 82. Ke4 Kg7 83. Nf1 Kh6 84. Ng3 Kg7 85.
Kf5 Kh7 86. Kg5 Kg7 87. Ne4 Kh8 88.
Nc3 Bf3 89. Kf4 Bh5 90. Ne4 Bd1 91. Nf2 Be2 92. Ne4 Bd1 93. Ng3 Kh7 94. Ke3 Bg4 95. Nf1 Kh6 96. Kf4 Bd1 97. Ne3 Be2 98. Kg3 Kh7 99. Nd5 Kg7 100. Kf2 Bd1 101. Nc3 Bh5 102. Ke3 Kh6 103. Kf4 Kg7 104. Nd5 Bd1 105. Ne3 Be2 106. Nf5+ Kh7 107. Kg5 Kh8 108.
Kh6 Bd1 109. Ng3 Bf3 110. h5 Bxh5 111. Nxh5 1/2-1/2

[Event "SELL Games"]
[Site "Tartu, Estonia"]
[Date "2023.05.20"]
[Round "9.6"]
[White "Sibajeva, Marija"]
[Black "Vanagaite, Giedre"]
[Result "0-1"]
[TimeControl "15min + 10sec per move each"]
[WhiteTitle "WFM"]
[BlackTitle "WFM"]
[WhiteFideId "12807583"]
[BlackFideId "12800546"]
[WhiteElo "1953"]
[BlackElo "1995"]

1. e4 c5 2. Nf3 Nc6 3.
Bb5 d6 4. d4 cxd4 5. Qxd4 Bd7 6.
Bxc6 Bxc6 7. Nc3 Nf6 8. Bg5 e6 9.
Qd3 Be7 10. O-O-O a6 11. Nd4 Bd7 12. Kb1 O-O 13. f4 h6 14. h4 Ng4 15. Bxe7 Qxe7 16. Qf3 h5 17. g3 Rac8 18. Rhe1 Bc6 19.
f5 Qf6 20. Rd2 Rcd8 21. Rf1 Rfe8 22. Qe2 Qe5 23. Rd3 d5 24. fxe6 fxe6 25. Nxc6 bxc6 26. Qd1 d4 27. Rf4 Ne3 28.
Qd2 Nc4 29. Qd1 Nxb2 30. Kxb2 dxc3+ 31. Ka1 Qb5 32. Qb1 Rxd3 33. Qxb5 cxb5 34. cxd3 Rd8 35. Rf3 Rd4 36. Kb1 b4 37. Kc2 a5 38. a3 Rd7 39. Kb3 Rf7 40. Re3 Rf2 41. axb4
axb4 42. Re1 Rb2+ 43. Kc4 c2 44. Rc1 b3 45. Kc3 Rb1 46. Kd2 Rxc1 47. Kxc1 Kf7 48. Kb2 e5 0-1

[Event "SELL Games"]
[Site "Tartu, Estonia"]
[Date "2023.05.20"]
[Round "9.7"]
[White "Mikelsons, Mikelis-Emils"]
[Black "Vaskevicius, Augustas"]
[Result "0-1"]
[TimeControl "15min + 10sec per move each"]
[WhiteFideId "11607475"]
[BlackFideId "12808008"]
[WhiteElo "1877"]
[BlackElo "1904"]

1. e4 c5 2. Nf3 e6 3. c3 Nf6 4. e5 Nd5 5. d4 cxd4 6. Bc4 Nb6 7. Bb3 Nc6 8. O-O d6 9. cxd4 dxe5 10.
dxe5 Be7 11. Qe2 O-O 12. Rd1 Qc7 13. Nc3 a6 14. Bc2 Nd7 15. Qe4 g6 16. Bf4 b5 17. Rac1 Bb7 18. Bb1 Rfd8 19.
Qe3 Nb6 20. Ne4 Nd5 21. Rxd5 Rxd5 22. Nf6+ Bxf6 23. exf6 Qd8 24. Bc7 Qxf6 25. Qb6 Nd8 26. Be4 Qxb2 27. Rf1 Rd7 28. Bxb7 Nxb7 29. Qxb7 Rf8 30. Qc6 Rd5 31. Ba5 Qxa2 32. Qc3 Qc4 33.
Qe3 b4 34. Rc1 Qb5 35. Bc7 b3 36. Be5 f6 37. Bb2 e5 38. h4 Rfd8 39. Qh6 Rd1+ 40. Rxd1 Rxd1+ 41. Kh2 Qe2 42. Ba3 Rd8 43. h5 Qe4 44. hxg6 Qxg6 45.
Qe3 Qh5+ 46. Kg3 Qg6+ 47. Kh2 Qh5+ 48. Kg3 Qg6+ 49. Kh2 Qf7 50. Nh4 Rd4 51. Nf5 Qh5+ 52. Qh3 Qxh3+ 53. Kxh3 Rd2 54.
Nh6+ Kg7 55. Nf5+ Kg6 56. Nh4+ Kf7 57. Bc1 Rc2 0-1

[Event "SELL Games"]
[Site "Tartu, Estonia"]
[Date "2023.05.20"]
[Round "9.8"]
[White "Galdikaite, Greta"]
[Black "Maciuityte, Greta"]
[Result "0-1"]
[TimeControl "15min + 10sec per move each"]
[WhiteFideId "12819956"]
[BlackFideId "12806765"]
[WhiteElo "1195"]
[BlackElo "1715"]

1. e4 d5 2. exd5 Nf6 3. Nc3 Nxd5 4. Bc4 Nb6 5. Bb3 e6 6. Nf3 Nc6 7. d3 Be7 8. Bf4 O-O 9. O-O a6 10.
Ne5 Nxe5 11. Bxe5 Nd7 12. Bg3 b6 13. Qf3 Rb8 14. Ne4 Bb7 15. Qe3 Kh8 16. a4 e5 17. Rfe1 f5 18. Nc3 f4 19.
Bxf4 Rxf4 20. Be6 Bc5 21. Qh3 Bxf2+ 22. Kf1 Bxe1+ 23. Kxe1 Nc5 24. Kd2 Nxe6 25. Qxe6 Rf2+ 26. Ne2 Qg5+ 27.
Kc3 Rxe2 28. Kb3 Qxg2 29. Ka3 Qf2 0-1